Unix NetHack Version 5.0.0-0 post-release - last build May 31 2026 23:59:36 (970b52f25bf058293b47ddfd14a1e40e571c508c,branch:main).

Game began 2026-06-01 21:13:38, ended 2026-06-01 21:35:01.

DaveT, lawful male human Priest

                    -----                         ---
                    |...|                          .|
                    |...                          |.|
                    |...-        ----             -.|
                     ...          ...              .
                    |...-          .              -.|
                    |...|          .              |.|
                    |...|          .              |.|
                    ....|          .              -.|
                    |...|          .               .|
                    |...|-----    -.-        ---- -h|
                    |...|...(|    |.|        |%). |@.
                    |.%.-....|    |.|        |!%[.|a|
                    |...|....|    -(-        |.!..-.|
                    |...-----------.---------------.|
                    |...............................|
                    ---------------------------------

DaveT the Adept              St:15 Dx:10 Co:13 In:10 Wi:18 Ch:12  Lawful
Dlvl:5  $:273 HP:0(40) Pw:71(71) AC:-5 Xp:6 T:3874  Burdened

Latest messages:
 You miss the fire ant.
 The fire ant bites!
 The fire ant misses!
 The fire ant bites!
 The fire ant misses!
 You miss the fire ant.
 The fire ant bites!
 The fire ant misses!
 The fire ant misses!
 The fire ant bites!
 You avoid harm.
 You miss the fire ant.
 The fire ant bites!
 The fire ant misses!
 The dwarf thrusts her dagger.
 The dwarf hits!
 The fire ant misses!
 The fire ant bites!
 You avoid harm.
 Are you sure you want to pray? [yn] (n) y
 You begin praying to Blind Io.
 You are surrounded by a shimmering light.
 The fire ant starts to attack you, but pulls back.
 The dwarf starts to attack you, but pulls back.
 The fire ant starts to attack you, but pulls back.
 The fire ant starts to attack you, but pulls back.
 The dwarf starts to attack you, but pulls back.
 The fire ant starts to attack you, but pulls back.
 The fire ant starts to attack you, but pulls back.
 The dwarf starts to attack you, but pulls back.
 The fire ant starts to attack you, but pulls back.
 You finish your prayer.
 You feel that Blind Io is well-pleased.
 Your stomach feels content.
 Your movements are only slowed slightly by your load.
 You miss the fire ant.
 The fire ant just misses!
 The fire ant misses!
 The fire ant just misses!
 The fire ant bites!
 You avoid harm.
 You miss the fire ant.
 The fire ant bites!
 The fire ant misses!
 The dwarf thrusts her dagger.
 The dwarf hits!
 The fire ant bites!
 You die...
 Do you want your possessions identified? [ynq] (y) y
 Do you want to see your attributes? [ynq] (y) q

Inventory:
 Coins    ('$')
  $ - 273 gold pieces
 Amulets  ('"')
  N - an amulet of guarding (being worn)
 Weapons  (')')
  Z - 7 +0 arrows
  t - 5 +0 darts
  w - 2 +0 orcish daggers (at the ready)
  a - a blessed corroded +1 mace (weapon in right hand)
 Armor    ('[')
  H - a rusty corroded +0 orcish helm (being worn)
  c - a burnt +3 small shield (being worn)
  b - a +0 robe (being worn)
  q - a +2 splint mail (being worn)
 Comestibles  ('%')
  X - a candy bar labeled "Nilla Crunchie"
  e - 2 cloves of garlic
  u - a cram ration
  f - 2 sprigs of wolfsbane
  C - a tin of broiled rock piercer meat
 Scrolls  ('?')
  A - a scroll of charging
  s - a scroll of genocide
  j - a cursed scroll of identify
 Spellbooks  ('+')
  n - a spellbook of detect monsters
  g - a spellbook of light
  F - a spellbook of slow monster
  h - a spellbook of stone to flesh
 Potions  ('!')
  K - a potion of healing
  k - a potion of object detection
  d - 4 potions of holy water
  E - a potion of water
 Rings    ('=')
  Q - a ring of polymorph control
 Wands    ('/')
  M - a wand of sleep (0:5)
  o - a wand of slow monster (0:0)
 Tools    ('(')
  i - a magic marker (0:21)
  v - an oil lamp
  r - a +0 pick-axe
  x - a skeleton key
 Gems/Stones  ('*')
  B - a citrine stone
  I - a worthless piece of violet glass

DaveT the Priest's attributes:

Background:
 You were an Adept, a level 6 human Priest.
 You were lawful, on a mission for Blind Io
 who was opposed by The Lady (neutral) and Offler (chaotic).
 You were right-handed.
 You were in the Gnomish Mines, on level 5.
 You entered the dungeon 3874 turns ago.
 There was a full moon in effect when your adventure ended.
 You had 617 experience points, 23 more were needed to attain level 7.

Basics:
 You had 0 out of 40 hit points.
 You had all 71 energy points (spell power).
 Your armor class was -5.
 Your wallet contained 273 zorkmids.
 Autopickup was off.

Final Characteristics:
 Your strength was 15 (limit:18/100).
 Your dexterity was 10 (limit:18).
 Your constitution was 13 (limit:18).
 Your intelligence was 10 (limit:18).
 Your wisdom was 18 (limit:18).
 Your charisma was 12 (limit:18).

Final Status:
 You weren't hungry.
 You were burdened; movement was slightly slowed.
 You were wielding a mace.
 You had expert skill with mace.

Final Attributes:
 You were piously aligned.
 You were telepathic.
 You had a small defense bonus (+2).
 You were protected.
 Your spell casting was impaired by metallic armor, mitigated by your robe.
 You were fast.
 You were lucky.
 You are dead.

Miscellaneous:
 You encountered 1 bones level.
 Total elapsed playing time was 21 minutes and 22 seconds.

Major events:
 Turn
    1: DaveT the lawful human Priest entered the dungeon
  565: entered the Gnomish Mines
  749: attained the rank of Acolyte (level 3)
 3212: attained the rank of Adept (level 6)
 3794: reached Mine Town
 3874: killed by a fire ant

Spells:
 Name                 Level Category     Fail Retention
 light                  1   clerical      67%   81%-90%
 stone to flesh         3   healing      100%    (gone)
 slow monster           2   enchantment   96%  76%-100%
 detect monsters        1   divination    67%  76%-100%

Skills:
 Fighting Skills
   bare handed combat [Unskilled]
 Weapon Skills
   club               [Unskilled]
   mace               [Expert]
   morning star       [Unskilled]
   flail              [Unskilled]
   hammer             [Unskilled]
   quarterstaff       [Unskilled]
   polearms           [Unskilled]
   spear              [Unskilled]
   trident            [Unskilled]
   lance              [Unskilled]
   bow                [Unskilled]
   sling              [Unskilled]
   crossbow           [Unskilled]
   dart               [Unskilled]
   shuriken           [Unskilled]
   boomerang          [Unskilled]
   unicorn horn       [Unskilled]
 Spellcasting Skills
   healing spells     [Unskilled]
   divination spells  [Unskilled]
   clerical spells    [Basic]

Voluntary challenges:
 Character rerolling was not enabled.
 You never genocided any monsters.
 You never polymorphed an object.
 You never changed form.
 You used no wishes.
Achievements:
 You entered the Gnomish Mines.
 You attained the rank of Acolyte.
 You attained the rank of Adept.
 You entered Minetown.
 You entered a shop.

 The Dungeons of Doom: levels 1 to 8
    Level 1: "vault door in NE"
       A fountain, a sink.
    Level 2:
       A fountain.
       Stairs down to The Gnomish Mines.
    Level 3:
       An altar, some fountains.
    Level 4:
       An altar to Blind Io, a fountain.
    Level 5:
       Some fountains.
    Level 6:
       A sink.
    Level 7:
       Many fountains.
    Level 8:
 The Gnomish Mines: levels 3 to 5
    Level 3:
    Level 4:
    Level 5: <- You were here.
       A tool shop.
       Final resting place for
          you, killed by a fire ant,
          DrabEmordnilap-Wiz-Gno-Fem-Neu, killed by a giant ant.


Vanquished creatures:
  2 gnome rulers
  a snake
  a wood nymph
  a water nymph
  a fog cloud
  2 yellow lights
  5 gnome leaders
  a guardian naga hatchling
  a gray ooze
  a ghoul
  a floating eye
  3 kittens
  a dwarf
  2 homunculi
  a rothe
  a rabid rat
  a wererat
  3 iguanas
  2 acid blobs
  a giant rat
  a brown mold
  2 green molds
  a red mold
 16 gnomes
 10 garter snakes
  a gecko
  6 jackals
  3 foxes
  a kobold
  3 goblins
  3 sewer rats
  4 grid bugs
  a bat
  5 lichens
  a kobold zombie
  5 newts
95 creatures vanquished.

No species were genocided or became extinct.

Game over:
                       ----------
                      /          \
                     /    REST    \
                    /      IN      \
                   /     PEACE      \
                  /                  \
                  |      DaveT       |
                  |      273 Au      |
                  | killed by a fire |
                  |       ant        |
                  |                  |
                  |                  |
                  |       2026       |
                 *|     *  *  *      | *
        _________)/\\_//(\/(/\)/\//\/|_)_______

Goodbye DaveT the Priest...

You died in The Gnomish Mines on dungeon level 5 with 3174 points,
and 273 pieces of gold, after 3874 moves.
You were level 6 with a maximum of 40 hit points when you died.

